[ PARTIDA AOE2 · #468894050 ]
Team RMFrancos vs Turks
[ ANÁLISIS DE REPETICIÓN · EXTRAÍDO DE LA PARTIDA GRABADA ]
Feudal
11:41
Castillos
15:38
Imperial
31:49
| APM promedio | 14.5 |
| APM pico | 33 |
| eAPM promedio | 11.2 |
| Aldeanos / militares | 131 / 103 |
Foco
⚔️ 28.2% · 🌾 71.8%
Knight ×93 · Bombard Cannon ×9 · Trade Cart ×6 · Trebuchet (Packed) ×1
Feudal
10:44
Castillos
15:37
Imperial
32:56
| APM promedio | 32.4 |
| APM pico | 65 |
| eAPM promedio | 19.9 |
| Aldeanos / militares | 126 / 189 |
Foco
⚔️ 32.5% · 🌾 67.5%
Camel Scout ×79 · Scout Cavalry ×63 · Janissary ×39 · Trade Cart ×7 · Trebuchet (Packed) ×4 · Monk ×2
Feudal
—
Castillos
—
Imperial
—
| APM promedio | 17.9 |
| APM pico | 45 |
| eAPM promedio | 11.7 |
| Aldeanos / militares | 126 / 139 |
Foco
⚔️ 16.0% · 🌾 84.0%
Scorpion ×123 · Trade Cart ×14 · Battering Ram ×12 · Mangonel ×2 · Trebuchet (Packed) ×2
Feudal
11:39
Castillos
17:44
Imperial
34:50
| APM promedio | 8.7 |
| APM pico | 22 |
| eAPM promedio | 6.2 |
| Aldeanos / militares | 56 / 63 |
Foco
⚔️ 37.7% · 🌾 62.3%
Berserk ×39 · Militia ×12 · Mangonel ×10 · Battering Ram ×2 · Trade Cart ×2
Mapa de la partida
Recursos al inicio + cada clic de construcción. Línea gruesa = muro · recuadro discontinuo = muro de casas detectado. 🟡 oro · ⚪ piedra · 🟢 bayas · 🔶 jabalí · ⭕ reliquia
Inputs por minuto
— HulkHoden - - romanfroobers123
Build order — HulkHoden
Primeras 150 de 383 acciones detectadas
| 0:01 | Crear | Villager (Male) |
| 0:01 | Crear | Villager (Male) |
| 0:04 | Construir | House |
| 0:07 | Construir | House |
| 0:44 | Crear | Villager (Male) |
| 1:07 | Crear | Villager (Male) |
| 1:45 | Crear | Villager (Male) |
| 1:45 | Crear | Villager (Male) |
| 1:51 | Construir | Lumber Camp |
| 1:54 | Crear | Villager (Male) |
| 2:31 | Crear | Villager (Male) |
| 3:08 | Construir | House |
| 3:18 | Crear | Villager (Male) |
| 3:19 | Crear | Villager (Male) |
| 4:11 | Crear | Villager (Male) |
| 4:12 | Crear | Villager (Male) |
| 4:18 | Construir | Mill |
| 5:20 | Crear | Villager (Male) |
| 5:21 | Crear | Villager (Male) |
| 5:22 | Crear | Villager (Male) |
| 5:23 | Crear | Villager (Male) |
| 6:00 | Construir | House |
| 6:12 | Crear | Villager (Male) |
| 7:51 | Crear | Villager (Male) |
| 7:52 | Crear | Villager (Male) |
| 7:52 | Crear | Villager (Male) |
| 7:54 | Crear | Villager (Male) |
| 8:57 | Crear | Villager (Male) |
| 8:57 | Crear | Villager (Male) |
| 9:16 | Investigar | Feudal Age |
| 9:52 | Construir | House |
| 9:53 | Construir | House |
| 9:54 | Construir | House |
| 9:56 | Construir | House |
| 10:58 | Crear | Villager (Male) |
| 10:58 | Crear | Villager (Male) |
| 10:59 | Crear | Villager (Male) |
| 11:07 | Construir | Mining Camp |
| 11:13 | Crear | Villager (Male) |
| 11:41 | Edad | Edad Feudal |
| 11:44 | Construir | Market |
| 11:46 | Construir | Blacksmith |
| 12:16 | Construir | House |
| 12:58 | Investigar | Castle Age |
| 13:21 | Construir | Farm |
| 13:25 | Construir | Farm |
| 13:27 | Construir | Farm |
| 13:33 | Construir | Farm |
| 13:52 | Construir | Farm |
| 13:58 | Construir | Farm |
| 14:03 | Construir | Farm |
| 14:12 | Construir | Farm |
| 14:43 | Crear | Villager (Male) |
| 15:12 | Crear | Villager (Male) |
| 15:19 | Crear | Villager (Male) |
| 15:38 | Edad | Edad de los Castillos |
| 15:43 | Construir | Town Center |
| 16:27 | Construir | Town Center |
| 16:40 | Construir | Farm |
| 16:56 | Investigar | Double-Bit Axe |
| 17:06 | Crear | Villager (Male) |
| 17:07 | Crear | Villager (Male) |
| 17:07 | Crear | Villager (Male) |
| 17:18 | Crear | Villager (Male) |
| 17:27 | Construir | Farm |
| 17:41 | Construir | Farm |
| 17:45 | Crear | Villager (Male) |
| 17:50 | Crear | Villager (Male) |
| 18:03 | Construir | Farm |
| 18:32 | Investigar | Gold Mining |
| 18:37 | Crear | Villager (Male) |
| 18:39 | Crear | Villager (Male) |
| 18:56 | Crear | Villager (Male) |
| 19:03 | Construir | Farm |
| 19:08 | Construir | Farm |
| 19:13 | Construir | Farm |
| 19:21 | Construir | Farm |
| 19:28 | Crear | Villager (Male) |
| 19:29 | Crear | Villager (Male) |
| 19:30 | Crear | Villager (Male) |
| 19:39 | Construir | Mining Camp |
| 19:46 | Crear | Villager (Male) |
| 19:53 | Construir | Farm |
| 19:59 | Crear | Villager (Male) |
| 20:22 | Crear | Villager (Male) |
| 20:23 | Crear | Villager (Male) |
| 20:25 | Crear | Villager (Male) |
| 20:28 | Crear | Villager (Male) |
| 20:46 | Construir | Farm |
| 20:53 | Construir | Farm |
| 21:02 | Construir | Farm |
| 21:10 | Construir | House |
| 21:12 | Construir | House |
| 21:17 | Construir | House |
| 21:25 | Crear | Villager (Male) |
| 21:25 | Crear | Villager (Male) |
| 21:25 | Crear | Villager (Male) |
| 21:27 | Crear | Villager (Male) |
| 21:27 | Crear | Villager (Male) |
| 21:29 | Crear | Villager (Male) |
| 21:29 | Crear | Villager (Male) |
| 21:54 | Construir | Farm |
| 22:01 | Construir | Farm |
| 22:07 | Construir | Farm |
| 22:15 | Construir | Farm |
| 22:21 | Crear | Villager (Male) |
| 22:21 | Crear | Villager (Male) |
| 22:21 | Crear | Villager (Male) |
| 22:24 | Investigar | Wheelbarrow |
| 22:27 | Crear | Villager (Male) |
| 22:29 | Crear | Villager (Male) |
| 22:32 | Crear | Villager (Male) |
| 22:38 | Construir | Farm |
| 22:53 | Construir | Barracks |
| 23:05 | Construir | House |
| 23:06 | Construir | House |
| 23:11 | Crear | Villager (Male) |
| 23:11 | Crear | Villager (Male) |
| 23:13 | Crear | Villager (Male) |
| 23:14 | Crear | Villager (Male) |
| 23:15 | Crear | Villager (Male) |
| 23:17 | Crear | Villager (Male) |
| 23:29 | Construir | Mill |
| 23:40 | Construir | Farm |
| 23:44 | Crear | Villager (Male) |
| 23:45 | Crear | Villager (Male) |
| 23:46 | Crear | Villager (Male) |
| 23:47 | Crear | Villager (Male) |
| 23:48 | Crear | Villager (Male) |
| 23:49 | Crear | Villager (Male) |
| 24:10 | Construir | Stable |
| 24:13 | Construir | Stable |
| 24:16 | Construir | Stable |
| 24:18 | Construir | Stable |
| 24:26 | Construir | Stable |
| 24:37 | Construir | House |
| 24:39 | Construir | House |
| 24:47 | Construir | Farm |
| 24:54 | Investigar | Bow Saw |
| 25:03 | Crear | Villager (Male) |
| 25:04 | Crear | Villager (Male) |
| 25:04 | Crear | Villager (Male) |
| 25:04 | Crear | Villager (Male) |
| 25:04 | Crear | Villager (Male) |
| 25:11 | Crear | Villager (Male) |
| 25:11 | Crear | Villager (Male) |
| 25:12 | Crear | Villager (Male) |
| 25:15 | Crear | Villager (Male) |
| 25:15 | Crear | Villager (Male) |
| 25:15 | Crear | Villager (Male) |
Build order — romanfroobers123
Primeras 150 de 473 acciones detectadas
| 0:00 | Crear | Villager (Male) |
| 0:00 | Crear | Villager (Male) |
| 0:01 | Crear | Villager (Male) |
| 0:02 | Construir | House |
| 0:04 | Construir | House |
| 0:30 | Crear | Villager (Male) |
| 0:30 | Crear | Villager (Male) |
| 1:24 | Crear | Villager (Male) |
| 1:45 | Construir | Lumber Camp |
| 1:54 | Crear | Villager (Male) |
| 1:54 | Crear | Villager (Male) |
| 2:30 | Crear | Villager (Male) |
| 2:44 | Crear | Villager (Male) |
| 3:15 | Construir | House |
| 3:26 | Crear | Villager (Male) |
| 3:56 | Crear | Villager (Male) |
| 4:16 | Crear | Villager (Male) |
| 4:29 | Construir | House |
| 4:40 | Crear | Villager (Male) |
| 5:07 | Construir | Mill |
| 5:20 | Crear | Villager (Male) |
| 5:24 | Crear | Villager (Male) |
| 5:24 | Crear | Villager (Male) |
| 6:13 | Crear | Villager (Male) |
| 6:46 | Crear | Villager (Male) |
| 6:47 | Crear | Villager (Male) |
| 7:43 | Crear | Villager (Male) |
| 7:53 | Construir | Mining Camp |
| 8:08 | Construir | Mill |
| 8:14 | Construir | Farm |
| 8:31 | Crear | Villager (Male) |
| 8:32 | Crear | Villager (Male) |
| 8:34 | Investigar | Feudal Age |
| 8:52 | Construir | House |
| 8:53 | Construir | House |
| 9:42 | Construir | Farm |
| 10:04 | Construir | Farm |
| 10:33 | Crear | Villager (Male) |
| 10:33 | Crear | Villager (Male) |
| 10:44 | Edad | Edad Feudal |
| 10:47 | Construir | Blacksmith |
| 11:32 | Crear | Villager (Male) |
| 12:08 | Construir | Market |
| 12:12 | Crear | Villager (Male) |
| 12:57 | Investigar | Castle Age |
| 13:06 | Investigar | Double-Bit Axe |
| 13:09 | Investigar | Horse Collar |
| 13:38 | Construir | House |
| 14:02 | Construir | House |
| 14:28 | Construir | Farm |
| 14:31 | Construir | Farm |
| 14:44 | Construir | Farm |
| 14:46 | Construir | Farm |
| 15:01 | Construir | House |
| 15:20 | Crear | Villager (Male) |
| 15:21 | Crear | Villager (Male) |
| 15:21 | Crear | Villager (Male) |
| 15:21 | Crear | Villager (Male) |
| 15:21 | Crear | Villager (Male) |
| 15:37 | Edad | Edad de los Castillos |
| 15:42 | Construir | Town Center |
| 16:01 | Construir | House |
| 16:02 | Construir | House |
| 16:03 | Construir | House |
| 16:24 | Investigar | Bow Saw |
| 16:40 | Crear | Villager (Male) |
| 16:42 | Crear | Villager (Male) |
| 16:42 | Crear | Villager (Male) |
| 16:42 | Crear | Villager (Male) |
| 16:45 | Construir | Farm |
| 16:47 | Construir | Farm |
| 17:03 | Crear | Villager (Male) |
| 17:27 | Crear | Villager (Male) |
| 17:27 | Crear | Villager (Male) |
| 17:38 | Construir | Town Center |
| 17:40 | Crear | Villager (Male) |
| 17:40 | Crear | Villager (Male) |
| 17:49 | Construir | Farm |
| 18:16 | Construir | Farm |
| 18:19 | Construir | Farm |
| 18:22 | Construir | Farm |
| 18:35 | Investigar | Stone Mining |
| 18:40 | Construir | Farm |
| 18:44 | Crear | Villager (Male) |
| 18:44 | Crear | Villager (Male) |
| 19:11 | Crear | Villager (Male) |
| 19:17 | Construir | Farm |
| 19:18 | Construir | Farm |
| 19:26 | Construir | Farm |
| 19:28 | Construir | Farm |
| 19:37 | Construir | Monastery |
| 19:39 | Crear | Villager (Male) |
| 19:40 | Crear | Villager (Male) |
| 19:43 | Crear | Villager (Male) |
| 19:44 | Crear | Villager (Male) |
| 19:52 | Construir | Farm |
| 20:02 | Construir | Farm |
| 20:05 | Construir | Farm |
| 20:23 | Investigar | Wheelbarrow |
| 20:32 | Construir | Farm |
| 20:34 | Construir | Farm |
| 20:38 | Construir | Farm |
| 20:50 | Crear | Monk |
| 21:02 | Crear | Villager (Male) |
| 21:02 | Crear | Villager (Male) |
| 21:02 | Crear | Villager (Male) |
| 21:07 | Construir | Barracks |
| 21:16 | Crear | Villager (Male) |
| 21:17 | Crear | Villager (Male) |
| 21:19 | Crear | Villager (Male) |
| 21:26 | Crear | Villager (Male) |
| 22:03 | Construir | Stable |
| 22:06 | Crear | Monk |
| 22:12 | Crear | Villager (Male) |
| 22:13 | Crear | Villager (Male) |
| 22:13 | Crear | Villager (Male) |
| 22:17 | Crear | Villager (Male) |
| 22:17 | Crear | Villager (Male) |
| 22:17 | Crear | Villager (Male) |
| 22:21 | Construir | Farm |
| 22:24 | Construir | Farm |
| 22:25 | Crear | Villager (Male) |
| 22:25 | Crear | Villager (Male) |
| 22:43 | Crear | Villager (Male) |
| 22:44 | Crear | Villager (Male) |
| 22:44 | Crear | Villager (Male) |
| 22:44 | Crear | Villager (Male) |
| 22:45 | Crear | Villager (Male) |
| 22:45 | Crear | Villager (Male) |
| 22:50 | Construir | House |
| 22:51 | Construir | House |
| 22:51 | Construir | House |
| 22:54 | Construir | House |
| 22:54 | Construir | House |
| 22:55 | Construir | House |
| 22:57 | Construir | House |
| 22:57 | Construir | House |
| 22:58 | Construir | House |
| 23:04 | Crear | Scout Cavalry |
| 23:09 | Construir | House |
| 23:18 | Construir | Stable |
| 23:41 | Crear | Villager (Male) |
| 23:42 | Crear | Villager (Male) |
| 23:43 | Crear | Villager (Male) |
| 23:45 | Construir | Farm |
| 23:48 | Construir | Farm |
| 23:49 | Crear | Villager (Male) |
| 23:49 | Crear | Villager (Male) |
| 23:55 | Construir | Farm |
| 24:08 | Crear | Scout Cavalry |
Build order — Marku shkin
Primeras 150 de 308 acciones detectadas
| 0:02 | Construir | House |
| 0:03 | Construir | House |
| 0:05 | Crear | Villager (Male) |
| 0:06 | Crear | Villager (Male) |
| 0:06 | Crear | Villager (Male) |
| 0:46 | Crear | Villager (Male) |
| 1:32 | Crear | Villager (Male) |
| 1:53 | Crear | Villager (Male) |
| 2:28 | Crear | Villager (Male) |
| 2:28 | Crear | Villager (Male) |
| 3:10 | Crear | Villager (Male) |
| 3:11 | Crear | Villager (Male) |
| 3:37 | Crear | Villager (Male) |
| 4:03 | Crear | Villager (Male) |
| 4:18 | Construir | House |
| 4:31 | Crear | Villager (Male) |
| 4:43 | Construir | House |
| 4:47 | Construir | House |
| 4:53 | Crear | Villager (Male) |
| 5:24 | Crear | Villager (Male) |
| 5:26 | Crear | Villager (Male) |
| 5:30 | Crear | Villager (Male) |
| 6:04 | Crear | Villager (Male) |
| 6:43 | Construir | Lumber Camp |
| 7:33 | Construir | Mill |
| 7:36 | Crear | Villager (Male) |
| 7:36 | Crear | Villager (Male) |
| 7:37 | Crear | Villager (Male) |
| 7:37 | Crear | Villager (Male) |
| 7:40 | Crear | Villager (Male) |
| 9:03 | Investigar | Feudal Age |
| 9:05 | Investigar | Loom |
| 9:21 | Construir | Mining Camp |
| 9:29 | Construir | Farm |
| 9:37 | Construir | Farm |
| 10:00 | Construir | Farm |
| 10:03 | Construir | Farm |
| 10:16 | Construir | Farm |
| 10:20 | Crear | Villager (Male) |
| 10:20 | Crear | Villager (Male) |
| 10:21 | Crear | Villager (Male) |
| 10:22 | Crear | Villager (Male) |
| 10:23 | Crear | Villager (Male) |
| 10:23 | Crear | Villager (Male) |
| 10:25 | Crear | Villager (Male) |
| 11:05 | Crear | Villager (Male) |
| 11:16 | Construir | House |
| 11:24 | Construir | House |
| 11:56 | Crear | Villager (Male) |
| 12:06 | Construir | Building 673 |
| 12:14 | Construir | Stone Wall |
| 12:18 | Crear | Villager (Male) |
| 12:28 | Investigar | Double-Bit Axe |
| 13:17 | Construir | Farm |
| 13:19 | Construir | Farm |
| 13:22 | Construir | Farm |
| 13:24 | Construir | Farm |
| 13:26 | Construir | Farm |
| 13:28 | Construir | Farm |
| 13:31 | Construir | Farm |
| 13:34 | Construir | Farm |
| 13:45 | Construir | Farm |
| 14:32 | Construir | Building 490 |
| 14:39 | Construir | Market |
| 14:53 | Construir | Stone Wall |
| 15:04 | Investigar | Castle Age |
| 15:18 | Construir | Mining Camp |
| 15:29 | Investigar | Horse Collar |
| 16:21 | Investigar | Stone Mining |
| 16:24 | Investigar | Gold Mining |
| 16:29 | Investigar | Loom |
| 16:30 | Investigar | Town Watch |
| 16:48 | Construir | House |
| 16:51 | Construir | House |
| 16:53 | Construir | House |
| 16:56 | Construir | House |
| 16:57 | Construir | House |
| 16:59 | Construir | House |
| 17:00 | Construir | House |
| 17:28 | Construir | Farm |
| 18:12 | Crear | Villager (Male) |
| 18:13 | Crear | Villager (Male) |
| 18:13 | Crear | Villager (Male) |
| 18:14 | Crear | Villager (Male) |
| 18:14 | Crear | Villager (Male) |
| 18:14 | Crear | Villager (Male) |
| 18:15 | Crear | Villager (Male) |
| 18:15 | Crear | Villager (Male) |
| 18:15 | Crear | Villager (Male) |
| 18:16 | Crear | Villager (Male) |
| 18:23 | Construir | Farm |
| 18:25 | Construir | Farm |
| 18:26 | Construir | Farm |
| 18:29 | Construir | Farm |
| 18:30 | Construir | Farm |
| 18:49 | Construir | Town Center |
| 19:21 | Construir | Town Center |
| 19:37 | Crear | Villager (Male) |
| 19:37 | Crear | Villager (Male) |
| 19:37 | Crear | Villager (Male) |
| 19:37 | Crear | Villager (Male) |
| 19:37 | Crear | Villager (Male) |
| 19:43 | Crear | Villager (Male) |
| 19:43 | Crear | Villager (Male) |
| 20:02 | Construir | House |
| 20:04 | Construir | House |
| 20:07 | Construir | House |
| 20:11 | Crear | Villager (Male) |
| 20:11 | Crear | Villager (Male) |
| 20:12 | Crear | Villager (Male) |
| 20:12 | Crear | Villager (Male) |
| 20:12 | Crear | Villager (Male) |
| 20:52 | Construir | Siege Workshop |
| 20:58 | Crear | Villager (Male) |
| 20:59 | Crear | Villager (Male) |
| 20:59 | Crear | Villager (Male) |
| 20:59 | Crear | Villager (Male) |
| 21:14 | Investigar | Heavy Plow |
| 21:21 | Crear | Villager (Male) |
| 21:27 | Construir | Farm |
| 21:29 | Construir | Farm |
| 21:32 | Construir | Farm |
| 21:34 | Construir | Farm |
| 22:00 | Crear | Villager (Male) |
| 22:00 | Crear | Villager (Male) |
| 22:01 | Crear | Villager (Male) |
| 22:01 | Crear | Villager (Male) |
| 22:25 | Construir | Farm |
| 22:27 | Construir | Farm |
| 22:29 | Construir | Farm |
| 22:31 | Construir | Farm |
| 22:31 | Construir | Farm |
| 22:40 | Crear | Villager (Male) |
| 22:40 | Crear | Villager (Male) |
| 22:41 | Crear | Villager (Male) |
| 23:18 | Construir | Siege Workshop |
| 23:22 | Crear | Villager (Male) |
| 23:23 | Crear | Villager (Male) |
| 23:24 | Crear | Villager (Male) |
| 23:25 | Crear | Villager (Male) |
| 23:25 | Crear | Villager (Male) |
| 23:25 | Crear | Villager (Male) |
| 23:31 | Crear | Villager (Male) |
| 23:31 | Crear | Villager (Male) |
| 23:32 | Crear | Villager (Male) |
| 23:45 | Construir | Farm |
| 23:46 | Construir | Farm |
| 23:47 | Construir | Farm |
| 23:50 | Construir | Farm |
| 23:51 | Construir | Farm |
Build order — Jailbaitx
Primeras 150 de 210 acciones detectadas
| 0:01 | Crear | Villager (Male) |
| 0:02 | Crear | Villager (Male) |
| 0:02 | Crear | Villager (Male) |
| 0:02 | Crear | Villager (Male) |
| 0:05 | Construir | House |
| 0:07 | Construir | House |
| 1:34 | Crear | Villager (Male) |
| 1:53 | Construir | Lumber Camp |
| 2:30 | Crear | Villager (Male) |
| 2:30 | Crear | Villager (Male) |
| 2:44 | Crear | Villager (Male) |
| 3:06 | Crear | Villager (Male) |
| 4:02 | Crear | Villager (Male) |
| 4:07 | Construir | Mill |
| 4:10 | Crear | Villager (Male) |
| 4:39 | Construir | House |
| 4:43 | Construir | House |
| 4:45 | Construir | House |
| 4:58 | Crear | Villager (Male) |
| 4:59 | Crear | Villager (Male) |
| 5:38 | Crear | Villager (Male) |
| 5:45 | Construir | Farm |
| 5:58 | Construir | Farm |
| 6:10 | Crear | Villager (Male) |
| 6:11 | Crear | Villager (Male) |
| 6:36 | Crear | Villager (Male) |
| 6:46 | Crear | Villager (Male) |
| 7:09 | Construir | Farm |
| 7:32 | Construir | Mining Camp |
| 8:40 | Investigar | Loom |
| 9:29 | Investigar | Feudal Age |
| 9:54 | Construir | Barracks |
| 10:05 | Crear | Villager (Male) |
| 10:06 | Crear | Villager (Male) |
| 11:39 | Edad | Edad Feudal |
| 11:43 | Construir | Blacksmith |
| 11:49 | Investigar | Double-Bit Axe |
| 11:56 | Construir | Market |
| 12:36 | Construir | Farm |
| 12:54 | Crear | Villager (Male) |
| 13:15 | Construir | Farm |
| 13:29 | Crear | Villager (Male) |
| 13:35 | Construir | House |
| 13:38 | Construir | House |
| 13:40 | Construir | House |
| 15:04 | Investigar | Castle Age |
| 15:05 | Crear | Villager (Male) |
| 15:51 | Construir | Mining Camp |
| 16:12 | Construir | House |
| 16:15 | Construir | House |
| 16:17 | Construir | House |
| 16:19 | Construir | House |
| 16:20 | Construir | House |
| 16:34 | Crear | Villager (Male) |
| 16:35 | Crear | Villager (Male) |
| 16:36 | Crear | Villager (Male) |
| 17:44 | Edad | Edad de los Castillos |
| 17:47 | Construir | Town Center |
| 17:59 | Crear | Villager (Male) |
| 18:00 | Crear | Villager (Male) |
| 18:09 | Construir | Farm |
| 18:13 | Construir | Farm |
| 18:21 | Investigar | Forging |
| 18:28 | Crear | Militia |
| 18:33 | Investigar | Man-at-Arms (upgrade) |
| 18:37 | Crear | Militia |
| 18:46 | Construir | Farm |
| 19:02 | Construir | Farm |
| 19:03 | Construir | Farm |
| 19:03 | Construir | Farm |
| 19:12 | Construir | Farm |
| 19:17 | Crear | Villager (Male) |
| 19:18 | Crear | Villager (Male) |
| 19:19 | Crear | Villager (Male) |
| 19:26 | Crear | Villager (Male) |
| 19:27 | Crear | Villager (Male) |
| 19:32 | Construir | Farm |
| 19:41 | Investigar | Long Swordsman (upgrade) |
| 19:59 | Crear | Villager (Male) |
| 20:16 | Construir | Barracks |
| 20:29 | Crear | Villager (Male) |
| 20:31 | Crear | Villager (Male) |
| 20:48 | Investigar | Stone Mining |
| 20:51 | Investigar | Gold Mining |
| 20:56 | Crear | Villager (Male) |
| 21:06 | Construir | Mill |
| 21:19 | Construir | Farm |
| 21:19 | Construir | Farm |
| 21:19 | Construir | Farm |
| 21:48 | Construir | Siege Workshop |
| 21:56 | Investigar | Scale Mail Armor |
| 21:57 | Investigar | Scale Barding Armor |
| 22:04 | Crear | Villager (Male) |
| 22:05 | Crear | Villager (Male) |
| 22:12 | Construir | Farm |
| 22:20 | Construir | Farm |
| 22:28 | Construir | Farm |
| 22:34 | Crear | Villager (Male) |
| 22:34 | Crear | Villager (Male) |
| 22:42 | Crear | Militia |
| 22:43 | Crear | Militia |
| 23:11 | Construir | Siege Workshop |
| 23:22 | Crear | Villager (Male) |
| 23:22 | Crear | Villager (Male) |
| 23:31 | Investigar | Iron Casting |
| 23:41 | Construir | House |
| 23:43 | Construir | House |
| 23:44 | Construir | House |
| 23:45 | Construir | House |
| 23:46 | Construir | House |
| 23:48 | Construir | House |
| 23:49 | Construir | House |
| 23:57 | Crear | Villager (Male) |
| 23:58 | Crear | Villager (Male) |
| 24:06 | Crear | Villager (Male) |
| 24:07 | Crear | Villager (Male) |
| 24:18 | Crear | Militia |
| 24:18 | Crear | Militia |
| 24:25 | Construir | Mining Camp |
| 24:44 | Crear | Battering Ram |
| 24:58 | Crear | Villager (Male) |
| 24:59 | Crear | Villager (Male) |
| 25:15 | Crear | Villager (Male) |
| 25:15 | Crear | Villager (Male) |
| 25:36 | Construir | Castle |
| 25:56 | Construir | Castle |
| 26:05 | Crear | Militia |
| 26:05 | Crear | Militia |
| 26:10 | Investigar | Gambesons |
| 26:10 | Investigar | Squires |
| 26:11 | Investigar | Arson |
| 26:16 | Crear | Battering Ram |
| 26:32 | Investigar | Chain Mail Armor |
| 26:42 | Construir | Farm |
| 26:42 | Construir | Farm |
| 26:43 | Construir | Farm |
| 26:43 | Construir | Farm |
| 26:46 | Construir | Farm |
| 27:33 | Construir | Mining Camp |
| 27:41 | Crear | Militia |
| 27:41 | Crear | Militia |
| 27:41 | Crear | Militia |
| 27:41 | Crear | Militia |
| 27:54 | Construir | Farm |
| 27:58 | Construir | Farm |
| 28:12 | Crear | Berserk |
| 28:12 | Crear | Berserk |
| 28:13 | Crear | Berserk |
| 28:13 | Crear | Berserk |
| 28:39 | Crear | Berserk |
Cronología de la partida
| 9:54 | Jailbaitx · first_building Barracks |
| 10:44 | romanfroobers123 · age_up feudal |
| 11:39 | Jailbaitx · age_up feudal |
| 11:41 | HulkHoden · age_up feudal |
| 12:14 | Marku shkin · wall_segment Stone Wall x8 |
| 12:54 | HulkHoden · first_market_sell 100 wood |
| 14:46 | Jailbaitx · first_market_buy 100 food |
| 14:53 | Marku shkin · wall_segment Stone Wall x2 |
| 14:59 | Jailbaitx · first_market_sell 100 wood |
| 15:37 | romanfroobers123 · age_up castle |
| 15:38 | HulkHoden · age_up castle |
| 17:44 | Jailbaitx · age_up castle |
| 19:07 | Marku shkin · first_market_buy 100 wood |
| 19:37 | romanfroobers123 · first_building Monastery |
| 20:52 | Marku shkin · first_building Siege Workshop |
| 21:07 | romanfroobers123 · first_building Barracks |
| 21:48 | Jailbaitx · first_building Siege Workshop |
| 22:03 | romanfroobers123 · first_building Stable |
| 22:53 | HulkHoden · first_building Barracks |
| 24:10 | HulkHoden · first_building Stable |
| 25:30 | romanfroobers123 · first_building Castle |
| 25:36 | Jailbaitx · first_building Castle |
| 26:24 | HulkHoden · first_building Castle |
| 26:52 | Marku shkin · first_building Castle |
| 29:41 | romanfroobers123 · first_market_sell 500 wood |
| 31:27 | Marku shkin · first_market_sell 100 food |
| 31:49 | HulkHoden · age_up imperial |
| 32:56 | romanfroobers123 · age_up imperial |
| 34:31 | romanfroobers123 · first_market_buy 100 food |
| 34:50 | Jailbaitx · age_up imperial |
| 35:17 | HulkHoden · first_building Siege Workshop |
| 48:29 | romanfroobers123 · first_building Siege Workshop |
| 48:59 | romanfroobers123 · resign |
[ ANÁLISIS IA · 1 CRÉDITO ]
¿Qué pasó realmente en esta partida?
Wolo.gg analiza cada decisión: build order, eco, micro, errores típicos por bracket. Análisis personalizado por WhatsApp o Discord en 30 segundos.
Guía civ
Francos
Guía mapa
Arena
Perfil
Jugador #810682